 Dungeon Crawl Stone Soup version 0.21-a0-193-g085b6a0 (webtiles) character file.

74 qqqbard the Twirler (level 4, -6/27 HPs)
             Began as a Gargoyle Gladiator on Aug 14, 2017.
             Killed by nerve-wracking pain
             ... invoked by an orc priest
              (7 damage)
             ... on level 3 of the Dungeon.
             The game lasted 00:01:55 (1360 turns).

qqqbard the Twirler (Gargoyle Gladiator)            Turns: 1360, Time: 00:01:55

Health: -6/27      AC:  7    Str: 18    XL:     4   Next: 30%
Magic:  4/4        EV: 12    Int:  9    God:
Gold:   115        SH:  0    Dex: 11    Spells: 3/3 levels left

rFire    . . .     SeeInvis .   a - +0 quarterstaff
rCold    . . .     Gourm    .   (shield currently unavailable)
rNeg     + . .     Faith    .   b - +0 leather armour
rPois    ∞         Spirit   .   c - +0 helmet
rElec    +         Reflect  .   (no cloak)
rCorr    .         Harm     .   (no gloves)
MR       .....                  (no boots)
Stlth    +.........             (no amulet)
HPRegen  0.09/turn              (no ring)
MPRegen  0.09/turn              (no ring)

@: no status effects
A: negative energy resistance 1, electricity resistance, unbreathing,
petrification resistance, rot immunity, AC +3
a: no special abilities


You were on level 3 of the Dungeon.
You were not hungry.

You visited 1 branch of the dungeon, and saw 3 of its levels.

You collected 115 gold pieces.

Inventory:

Hand Weapons
 a - a +0 quarterstaff (weapon)
Missiles
 d - 3 throwing nets (quivered)
Armour
 b - a +0 leather armour (worn)
 c - a +0 helmet (worn)
Scrolls
 i - 4 scrolls of remove curse {unknown}
 k - a scroll of recharging {unknown}
 m - 2 scrolls of teleportation {unknown}
 o - a scroll of enchant weapon {unknown}
 p - a scroll of identify {unknown}
 q - a scroll of amnesia {unknown}
Potions
 e - a potion of mutation {unknown}
 j - a potion of agility {unknown}
 l - a potion of brilliance {unknown}
Comestibles
 f - 3 bread rations
 g - 7 chunks of flesh
 h - 2 royal jellies
 n - 4 fruits


   Skills:
 + Level 2.5 Fighting
 + Level 4.3 Staves
 - Level 1.7 Throwing
 + Level 1.0 Armour
 + Level 2.7 Dodging
 + Level 0.2 Stealth


You had 3 spell levels left.
You didn't know any spells.

Dungeon Overview and Level Annotations

Branches:
Dungeon (3/15)

Altars:


Innate Abilities, Weirdness & Mutations

You are resistant to torment.
Your stone body is resilient. (AC +3)
You are immune to poison.
You resist negative energy. (rN+)
You are resistant to electric shocks. (rElec)
You can survive without breathing.
You are immune to petrification.
You are immune to rotting.


Message History

You are too injured to fight recklessly!
You are too injured to fight recklessly!
You are too injured to fight recklessly!
You are too injured to fight recklessly!
You are too injured to fight recklessly!
The orc priest looks braver for a moment.
The orc wizard gestures wildly while chanting.
The orc wizard flickers and vanishes!
Deactivating autopickup; reactivate with Ctrl-A.
There is a stone staircase leading up here.
The orc priest misses you.
You thump the orc priest!
The orc priest is heavily wounded.
The orc priest calls down the wrath of Beogh upon you.
Beogh smites you!
* * * LOW HITPOINT WARNING * * *
There is a stone staircase leading up here.
The orc priest calls down the wrath of Beogh upon you.
Pain shoots through your body!
You die...

#############
o...o.{.o...#
###########.#
#o# #.#
#.######
#oo..o@#
########


You could see 2 orc priests and an orc.

Vanquished Creatures
  An adder (D:2)
  An ooze (D:1)
  A worm (D:2)
  A dart slug (D:2)
  A leopard gecko (D:2)
  3 giant cockroaches
  9 goblins
  5 hobgoblins
  8 jackals (D:1)
  10 kobolds
  2 ball pythons (D:2)
  3 bats
  3 frilled lizards
  4 rats
52 creatures vanquished.

Notes
Turn   | Place    | Note
-------+----------+-------------------------------------------
     0 | D:1      | qqqbard the Gargoyle Gladiator began the quest for the Orb.
     0 | D:1      | Reached XP level 1. HP: 12/12 MP: 1/1
   125 | D:1      | Reached XP level 2. HP: 13/18 MP: 2/2
   373 | D:1      | Reached XP level 3. HP: 18/22 MP: 3/3
   892 | D:2      | Reached skill level 4 in Staves
   932 | D:2      | Reached skill level 1 in Armour
  1124 | D:2      | Reached XP level 4. HP: 27/27 MP: 4/4
  1358 | D:3      | HP: 1/27 [orc priest/divine providence (13)]
  1360 | D:3      | Killed from afar by an orc priest

Vault maps used:
D:1:      scummos_arrival_star
D:2:      first_bread, minmay_stone_trees_small
D:3:      nicolae_overflow_hidden_temple

Skill      XL: |  1  2  3 |
---------------+----------+-----
Staves         | 4 |  4.3
Armour         | 1 |  1.0
Fighting       | |  2.5
Throwing       | |  1.7
Dodging        | |  2.7
Stealth        | |  0.2

Action                   |  1- 3 |  4- 6 || total
-------------------------+-------+-------++-------
Melee: Quarterstaff      |   155 |    26 ||   181
  Eat: Chunk             |     1 |     1 ||     2
Armor: Leather armour    |    86 |    11 ||    97
Dodge: Dodged            |   154 |    22 ||   176
